 Dungeon Crawl Stone Soup version 0.20-a0-40-gb6e7b4f (webtiles) character file.

157398 Goblin1989 the Scorcher (level 17, -2/111 HPs)
             Began as a Green Draconian Fire Elementalist on Nov 9, 2016.
             Was a High Priest of Vehumet.
             Slain by a shock serpent (11 damage)
             ... on level 2 of the Snake Pit on Nov 11, 2016.
             The game lasted 03:50:13 (36136 turns).

Goblin1989 the Scorcher (DrFE)                     Turns: 36136, Time: 03:50:13

Health: -2/111     AC: 15    Str: 12    XL:     17   Next: 12%
Magic:  1/56       EV: 16    Int: 24    God:    Vehumet [*****.]
Gold:   454        SH:  5    Dex: 13    Spells: 8 memorised, 3 levels left

rFire  + . .     SeeInvis .     V - staff of power {!a}
rCold  + . .     Gourm    .     (armour unavailable)
rNeg   . . .     Faith    .     Y - +0 buckler
rPois  +         Spirit   .     h - +1 hat
rElec  .         Reflect  .     u - +0 cloak
rCorr  .         Harm     .     R - +2 pair of gloves of Guv Didezonn {rF+ rC+ MR+}
MR     ++...                    L - +0 pair of boots
Stlth  ++........               r - amulet of regeneration
                                l - ring of magical power
                                F - +4 ring of intelligence

@: no status effects
A: breathe noxious fumes, unfitting armour, stinger 1, poison resistance,
cold-blooded, AC +9
a: Breathe Noxious Fumes, Renounce Religion


You were on level 2 of the Snake Pit.
You worshipped Vehumet.
Vehumet was extremely pleased with you.
You were very hungry.

You visited 5 branches of the dungeon, and saw 26 of its levels.
You visited 1 bazaar.
You also visited: Labyrinth and Sewer.

You collected 2483 gold pieces.
You spent 2029 gold pieces at shops.

Inventory:

Hand Weapons
 w - a +0 blowgun {@w1}
 B - the +6 rapier of Itaqiagu {antimagic, +Rage MR+}
   (You found it on level 3 of the Lair of Beasts)

   It reduces the magical energy of the wielder, and disrupts the spells and
   magical abilities of those hit.
   Natural abilities and divine invocations are not affected.
   It affects your resistance to hostile enchantments.
   It lets you go berserk.
 Q - a +2 dagger of holy wrath
Missiles
 k - 706 stones (quivered)
 A - 13 needles of sleeping
 M - 8 needles of confusion
Armour
 h - a +1 hat (worn)
 u - a +0 cloak (worn)
 L - a +0 pair of boots (worn)
 R - the +2 pair of gloves of Guv Didezonn (worn) {rF+ rC+ MR+}
   (You found it on level 14 of the Dungeon)

   It protects you from fire.
   It protects you from cold.
   It affects your resistance to hostile enchantments.
 Y - a +0 buckler (worn)
Magical Staves
 V - an uncursed staff of power (weapon) {!a}
Jewellery
 l - a ring of magical power (right hand)
 p - an uncursed ring of fire
 r - an amulet of regeneration (around neck)
 F - a +4 ring of intelligence (left hand)
Wands
 t - a wand of digging (10/24)
 Z - a wand of teleportation (4/9) {!v, @v4}
Scrolls
 c - a scroll of torment {unknown}
 e - a scroll of summoning
 o - 6 scrolls of enchant weapon {unknown}
 v - 3 scrolls of blinking {unknown}
 y - 2 scrolls of vulnerability {unknown}
 C - 4 scrolls of amnesia
 E - 2 scrolls of noise {!r}
 G - 4 scrolls of recharging
 H - 3 scrolls of brand weapon {unknown}
 J - a scroll of immolation {unknown}
 K - 3 scrolls of enchant armour
 O - 6 scrolls of fog {unknown}
 T - 7 scrolls of teleportation {!r, @r4}
 U - a scroll of acquirement {unknown}
 W - 7 scrolls of remove curse {@r2}
Potions
 a - 2 potions of cure mutation
 d - 2 potions of ambrosia
 f - a potion of haste {!q, @q3}
 g - 8 potions of might
 m - 4 potions of flight
 n - 8 potions of curing {@q1}
 q - 7 potions of heal wounds {!q, @q2}
 s - 4 potions of agility
 x - 4 potions of magic
 z - 4 potions of berserk rage {!q}
 D - 2 potions of cancellation
 N - 2 potions of brilliance
 P - 2 potions of invisibility
 S - 4 potions of lignification {!q}
 X - 3 potions of resistance
Comestibles
 b - 10 bread rations {@e1}
 i - a meat ration {@e2}
 j - 7 beef jerkies


   Skills:
 + Level 7.8 Dodging
 - Level 1.8 Stealth
 - Level 5.8 Shields
 + Level 11.5 Spellcasting
 * Level 17.1 Conjurations
 + Level 4.0 Transmutations
 * Level 17.4 Fire Magic


You had 3 spell levels left.
You knew the following spells:

 Your Spells              Type           Power        Failure   Level  Hunger
a - Fireball              Conj/Fire      #######...   1%          5    ####...
b - Sticky Flame          Conj/Fire      #######.     1%          4    None
c - Inner Flame           Hex/Fire       ######..     1%          3    None
d - Flame Tongue          Conj/Fire      #####        0%          1    None
e - Orb of Destruction    Conj           #######...   1%          7    #######
f - Bolt of Fire          Conj/Fire      #######...   1%          6    #####..
g - Dragon Form           Tmut           ####......   100%        7    #######
j - Conjure Flame         Conj/Fire      #######.     0%          3    None


Dungeon Overview and Level Annotations

Branches:
Dungeon (15/15)            Temple (1/1) D:4            Lair (6/6) D:11
  Snake (2/4) Lair:3        Slime (0/5) Lair:5          Orc (2/2) D:10
    Elf (0/3) Orc:2        Vaults (0/5) D:14
  Swamp: Lair:2-4    Shoals: Lair:2-4    Depths: D:15

Altars:
Ashenzari
Cheibriados
Dithmenos
Elyvilon
Hepliaklqana
Kikubaaqudgha
Nemelex Xobeh
Okawaru
Qazlal
Ru
Sif Muna
Trog
Vehumet
Yredelemnul
Zin
The Shining One
Beogh

Shops:
D:4 :   D:8 =:   D:11 *   D:13 **}[   Orc:2 *[}[   Snake:1 }*   Snake:2 }=}

Annotations:
D:3 Nuatha's ghost, amateur SpAs
D:4 crawlian's ghost, amateur DEFE
D:6 Grinder
D:7 mrath's ghost, novice HOFi


Innate Abilities, Weirdness & Mutations

You can breathe blasts of noxious fumes.
Your lurid green scales are hard. (AC +9)
You cannot fit into any form of body armour.
Your tail ends in a poisonous barb.
Your system is resistant to poisons. (rPois)
You are cold-blooded and may be slowed by cold attacks.


Message History

Aim: a shock serpent (heavily wounded)
Okay, then.
Casting: Bolt of Fire
Confirm with . or Enter, or press ? or * to list all spells.
Aiming: Orb of Destruction
Press: ? - help, Shift-Dir - straight line, f - shock serpent
Aim: a shock serpent (heavily wounded)
The wavering orb of destruction weakly hits the shock serpent.
The shock serpent is almost dead.
The shock serpent's electric aura discharges, shocking you!
* * * LOW HITPOINT WARNING * * *
The shock serpent bites you.
* * * LOW HITPOINT WARNING * * *
The shock serpent shocks you!
* * * LOW HITPOINT WARNING * * *
You take 22 damage, and have 25/111 hp.
You now have 1/56 mp.
The shock serpent bites you!
* * * LOW HITPOINT WARNING * * *
The shock serpent shocks you!
You die...

█ █.█ █.█ ..███..
██.█ .......██..█
██.....%..█
.)......(██
...██$..(█ .
██...████
█......██████..██
█...█....S@......█
█...██).███...████.
█..█ █..███...█ ██
█..█ █...██..██ █.█
...█ ██.(.██...█
█.█ ..█ █...(.....█
█.█ █.███(....██.█
█.. ███...█.█ .(..
██....█


You could see a shock serpent.

Vanquished Creatures
  An azure jelly (shapeshifter) (D:15)
  The ghost of KristoblXynda the Severer, a journeyman MiSk of Cheibriados (Lair:6)
  Snorg (Orc:2)
  An ettin (Orc:1)
  A minotaur (Lab)
  4 vault guards (D:14)
  4 naga warriors (Snake:1)
  6 hydras
  A catoblepas (Lair:5)
  4 anacondas (Snake:1)
  10 centaur warriors
  A tengu warrior (D:14)
  6 death yaks
  2 ogre magi (Orc:2)
  A shock serpent (Snake:1)
  5 naga sharpshooters
  14 spriggans (Lair:6)
  2 deep trolls (Orc:2)
  A naga ritualist (Snake:1)
  4 hill giants
  5 unseen horrors
  A glowing orange brain (D:15)
  13 ugly things
  An orc knight (Orc:2)
  6 mana vipers
  A wolf spider zombie (D:15)
  7 cyclopes
  2 orc sorcerers (Orc:2)
  10 salamanders
  Maurice (D:8)
  16 black mambas
  19 elephants
  3 centaur zombies
  2 torpor snails
  A guardian serpent (Snake:2)
  2 gargoyles (D:12)
  2 naga magi (Snake:1)
  5 centaur skeletons
  9 spiny frogs
  4 kobold demonologists
  A rime drake (Lair:6)
  5 komodo dragons
  A minotaur zombie (Lab)
  12 trolls
  A hornet (shapeshifter) (D:14)
  8 polar bears
  4 meliai (D:14)
  7 two-headed ogres
  4 hornets (Lair:6)
  Prince Ribbit (D:7)
  9 blink frogs
  5 hippogriffs
  11 slime creatures
  A centaur simulacrum (D:15)
  2 dream sheep (Lair:3)
  A tarantella (shapeshifter) (D:14)
  36 yaks
  A water elemental (Orc:2)
  6 wyverns
  A vampire (D:13)
  5 basilisks
  A golden eye (shapeshifter) (D:15)
  2 hungry ghosts
  A vampire mosquito (D:14)
  7 nagas
  3 mottled dragons
  A swamp worm (shapeshifter) (D:15)
  A warg (shapeshifter) (D:15)
  2 wargs
  8 porcupines
  13 water moccasins
  23 orc warriors
  4 sky beasts
  A swamp drake (D:10)
  4 ice beasts
  A necrophage (D:8)
  An eye of draining (D:13)
  4 phantoms
  5 black bears
  24 ogres
  4 boggarts (Lair:6)
  15 centaurs
  31 wolves
  18 crocodiles
  Blork the orc (D:6)
  8 big kobolds
  20 bullfrogs
  4 gnoll sergeants
  2 water moccasin skeletons (D:8)
  5 scorpions
  11 killer bees (D:10)
  13 wights
  3 electric eels
  2 howler monkeys (D:13)
  3 crimson imps
  A wyvern simulacrum (D:14)
  2 bullfrog zombies
  4 jellies
  6 hounds
  18 orc wizards
  11 orc priests
  Jessica (D:2)
  6 iguanas
  11 worker ants
  A hound zombie (D:6)
  A hound skeleton (D:6)
  Robin (D:1)
  A worker ant zombie (D:11)
  18 gnolls
  A howler monkey skeleton (D:10)
  5 river rats (Sewer)
  20 adders
  3 shadow imps
  2 oozes
  An adder skeleton (D:4)
  3 worms
  3 leopard geckos
  77 orcs
  8 ball pythons
  8 bats
  8 giant cockroaches
  16 goblins
  10 hobgoblins
  4 jackals (D:10)
  5 quokkas
  4 frilled lizards
  A jackal skeleton (D:6)
  26 kobolds
  25 rats
  5 fungi
865 creatures vanquished.

Vanquished Creatures (collateral kills)
  A killer bee (D:10)
  An orc priest (D:10)
  An orc (D:10)
3 creatures vanquished.

Vanquished Creatures (others)
  A bush (D:12)
  11 fungi
  38 plants
50 creatures vanquished.

Grand Total: 918 creatures vanquished

Notes
Turn   | Place    | Note
-------+----------+-------------------------------------------
     0 | D:1      | Goblin1989 the Draconian Fire Elementalist began the quest for the Orb.
     0 | D:1      | Reached XP level 1. HP: 14/14 MP: 3/3
   236 | D:1      | Reached XP level 2. HP: 20/20 MP: 3/5
   768 | D:1      | You fall through a shaft!
   877 | D:2      | Noticed Robin
   992 | D:2      | Noticed Jessica
  1038 | D:2      | Reached XP level 3. HP: 26/26 MP: 4/6
  1057 | D:1      | Learned a level 3 spell: Conjure Flame
  1086 | D:1      | Killed Robin
  1306 | D:2      | Killed Jessica
  1306 | D:2      | Reached XP level 4. HP: 32/33 MP: 3/7
  2190 | D:3      | Noticed Nuatha's ghost (amateur SpAs)
  2245 | D:3      | p0werm0de: heyman. are you in a clan for tourney?
  2246 | D:3      | p0werm0de: ah k you didnt play much
  2246 | D:3      | p0werm0de: and only .17
  2246 | D:3      | Goblin1989: No. I do not have the spirit of competition.
  2246 | D:3      | Goblin1989: Yes. But I decided that it is necessary to try the new version. :)
  2489 | D:3      | Learned a level 4 spell: Sticky Flame
  2494 | D:3      | p0werm0de: its quite cool
  2496 | D:3      | p0werm0de: i think oerall every version got better
  2496 | D:3      | Goblin1989: Well, I was a little saddened some changes since 0.18
  2496 | D:3      | Goblin1989: -rmut, -Phase Shift
  2535 | D:3      | Found a sacrificial altar of Ru.
  2535 | D:3      | Found a white marble altar of Elyvilon.
  2540 | D:3      | Found an iron altar of Okawaru.
  2542 | D:3      | Found a sparkling altar of Nemelex Xobeh.
  2543 | D:3      | Found a bloodstained altar of Trog.
  2577 | D:3      | p0werm0de: now -haste ;P
  2577 | D:3      | p0werm0de: and -xp a lot
  2577 | D:3      | Goblin1989: yes :(
  2582 | D:3      | p0werm0de: and lemme tell you.. i had a lair6 lvl which spawnned multiple high lvl slimes
  2624 | D:3      | p0werm0de: acid blob, death ooze, great orb of eyes.. the blue ones
  2624 | D:3      | p0werm0de: i did leave it after i saw some ;P
  2624 | D:3      | p0werm0de: at xl 13?
  2624 | D:3      | p0werm0de: so yea its harder overall a bit
  2624 | D:3      | p0werm0de: and dream sheep running between em
  2624 | D:3      | Goblin1989: I would say that the game has become much more difficult
  2630 | D:3      | p0werm0de: yep a bit
  2630 | D:3      | p0werm0de: but it was also harder before like .13
  2630 | D:3      | p0werm0de: .16 and .17 easiest versions id say
  2644 | D:3      | Reached XP level 5. HP: 38/38 MP: 4/8
  2656 | D:3      | p0werm0de: anyway im off sleeping. gl to you
  2867 | D:3      | Found a snail-covered altar of Cheibriados.
  3114 | D:4      | Found a glowing drain.
  3168 | Sewer    | Entered a sewer
  3913 | Sewer    | Reached XP level 6. HP: 42/45 MP: 7/10
  4121 | Sewer    | Reached skill level 5 in Fire Magic
  4458 | D:4      | Found Mannoluf's Book Boutique.
  4513 | D:4      | Found a staircase to the Ecumenical Temple.
  4521 | Temple   | Entered the Ecumenical Temple
  4563 | Temple   | Became a worshipper of Vehumet
  4897 | D:4      | Noticed crawlian's ghost (amateur DEFE)
  5110 | D:4      | Your scales start taking on a lurid green colour.
  5110 | D:4      | Reached XP level 7. HP: 41/50 MP: 7/12
  5110 | D:4      | Gained mutation: Your system is resistant to poisons. (rPois) [Green Draconian growth]
  5638 | D:5      | Entered Level 5 of the Dungeon
  5896 | D:5      | Learned a level 3 spell: Inner Flame
  6086 | D:6      | Noticed Blork the orc
  6142 | D:6      | Killed Blork the orc
  6142 | D:6      | Reached skill level 5 in Conjurations
  6531 | D:6      | Gained mutation: Your natural rate of healing is unusually fast. [mutagenic meat]
  6532 | D:6      | Gained mutation: You are weak. (Str -2) [mutagenic meat]
  6533 | D:6      | Gained mutation: Your spells are a little harder to cast, but a little more powerful. [mutagenic meat]
  6603 | D:6      | Found a glowing silver altar of Zin.
  6752 | D:6      | Reached XP level 8. HP: 42/57 MP: 1/14
  6901 | D:6      | Noticed Grinder
  7275 | D:7      | Noticed Prince Ribbit
  7664 | D:7      | Gained mutation: You possess an exceptional clarity of mind. [mutagenic meat]
  7665 | D:7      | Gained mutation: You occasionally shout uncontrollably at your foes. [mutagenic meat]
  7667 | D:7      | Gained mutation: Your magical capacity is low. (-10% MP) [mutagenic meat]
  7668 | D:7      | Lost mutation: You possess an exceptional clarity of mind. [mutagenic meat]
  7732 | D:7      | Goblin1989: @?? phantom
  7732 | D:7      | beem: phantom (W)
                  | Spd:
    10 | HD: 7    | HP: 30-45
                  | AC/EV: 3/13
                  | Dam: 10(blink self)
                  | undead, doors, evil, fly, unbreathing
                  | Res: magic(40), cold++, poison+++, drown, rot+++, neg+++, torm, napalm
                  | Vul: cleanse++
                  | XP: 124
                  | Sp: blink [!sil]
                  | Sz: Medium
                  | Int: human.
  7737 | D:7      | Reached * piety under Vehumet
  7737 | D:7      | Offered knowledge of Shock by Vehumet.
  7917 | D:7      | Learned a level 5 spell: Fireball
  8022 | D:7      | Reached skill level 5 in Spellcasting
  8279 | D:7      | Killed Prince Ribbit
  8279 | D:7      | Reached XP level 9. HP: 50/62 MP: 7/15
  8492 | D:7      | Noticed mrath's ghost (novice HOFi)
  8608 | D:8      | Noticed Maurice
  8887 | D:8      | Found Hexov's Jewellery Shop.
  8895 | D:8      | Bought a +4 ring of intelligence for 351 gold pieces
  9261 | D:8      | Found Zochuhe's Book Boutique.
  9655 | D:8      | Paralysed by Maurice for 3 turns
  9667 | D:8      | Killed Maurice
  9915 | D:8      | Goblin1989: @?? wywern
  9915 | D:8      | beem: unknown monster: "wywern"
  9915 | D:8      | Goblin1989: @?? wyvern
  9915 | D:8      | beem: wyvern (l)
                  | Spd:
    15 | HD: 5    | HP: 22-33
                  | AC/EV: 5/10
                  | Dam: 20
                  | fly
                  | Res: magic(20)
                  | XP:
   206 | Sz: Large | Int: animal.
 10410 | D:9      | Noticed a troll
 10426 | D:9      | Killed a troll
 10426 | D:9      | Reached XP level 10. HP: 62/69 MP: 7/17
 10762 | D:9      | Reached skill level 10 in Fire Magic
 10820 | D:9      | Reached ** piety under Vehumet
 10820 | D:9      | Offered knowledge of Searing Ray by Vehumet.
 11616 | D:10     | Entered Level 10 of the Dungeon
 11718 | D:10     | Goblin1989: @?? yaks
 11718 | D:10     | beem: unknown monster: "yaks"
 11718 | D:10     | Goblin1989: @?? yak
 11718 | D:10     | beem: yak (Y)
                  | Spd:
    10 | HD: 7    | HP: 30-45
                  | AC/EV: 4/7
                  | Dam: 18
                  | Res: magic(20)
                  | XP:
   204 | Sz: Large | Int: animal.
 11959 | D:10     | Reached skill level 10 in Conjurations
 12123 | D:10     | Offered knowledge of Stone Arrow by Vehumet.
 12420 | D:10     | Reached *** piety under Vehumet
 12549 | D:10     | Found a staircase to the Orcish Mines.
 12798 | D:10     | Offered knowledge of Airstrike by Vehumet.
 13090 | D:11     | Lost mutation: You are weak. (Str -2) [potion of cure mutation]
 13090 | D:11     | Lost mutation: You occasionally shout uncontrollably at your foes. [potion of cure mutation]
 13090 | D:11     | Lost mutation: Your spells are a little harder to cast, but a little more powerful. [potion of cure mutation]
 13090 | D:11     | Lost mutation: Your magical capacity is low. (-10% MP) [potion of cure mutation]
 13090 | D:11     | Lost mutation: Your natural rate of healing is unusually fast. [potion of cure mutation]
 13294 | D:11     | Noticed a cyclops
 13336 | D:11     | Reached XP level 11. HP: 38/74 MP: 8/21
 13917 | D:11     | Noticed a purple ugly thing
 14103 | D:11     | Found Paumpyix's Assorted Antiques.
 14109 | D:11     | Noticed an unseen horror
 14112 | D:11     | Killed an unseen horror
 14114 | D:11     | Bought a viscous golden potion for 34 gold pieces
 14114 | D:11     | Bought an inky potion for 34 gold pieces
 14114 | D:11     | Bought 3 scrolls labeled VATIGA QECHI for 114 gold pieces
 14114 | D:11     | Bought a scroll labeled WEPSOI QYRIMYCH for 38 gold pieces
 14397 | D:11     | Found a staircase to the Lair.
 14406 | D:11     | Noticed a six-headed hydra
 14411 | Lair:1   | Entered Level 1 of the Lair of Beasts
 14934 | Lair:1   | Reached **** piety under Vehumet
 15197 | Lair:1   | Offered knowledge of Irradiate by Vehumet.
 15618 | Lair:2   | Noticed a four-headed hydra
 15633 | Lair:2   | Noticed an eight-headed hydra
 15650 | Lair:2   | Killed a four-headed hydra
 15686 | Lair:2   | Killed an eight-headed hydra
 16014 | Lair:2   | Goblin1989: @?? insubtantial wisps
 16014 | Lair:2   | beem: unknown monster: "insubtantial wisps"
 16014 | Lair:2   | Goblin1989: @?? insubtantial wisp
 16014 | Lair:2   | beem: unknown monster: "insubtantial wisp"
 16246 | Lair:2   | Noticed a seven-headed hydra
 16254 | Lair:2   | Killed a seven-headed hydra
 16254 | Lair:2   | Reached skill level 1 in Shields
 16334 | Lair:2   | Goblin1989: @?? insubstantial wisp
 16334 | Lair:2   | beem: insubstantial wisp (v)
                  | Spd:
    10 | HD: 8    | HP: 16-23
                  | AC/EV: 4/18
                  | Dam: 12(blink self)
                  | non-living, fly, unbreathing
                  | Res: magic(immune), fire++, cold++, elec+++, poison+++, drown, rot+++, neg+++, torm, napalm
                  | XP: 162
                  | Sp: blink [!sil], static discharge [!sil]
                  | Sz: tiny
                  | Int: brainless.
 16521 | Lair:3   | Reached XP level 12. HP: 81/81 MP: 24/24
 16539 | Lair:3   | Noticed a five-headed hydra
 16541 | Lair:3   | Killed a five-headed hydra
 16657 | Lair:3   | Got an ivory rapier
 16659 | Lair:3   | Identified the +6 rapier of Itaqiagu {antimagic, +Rage MR+} (You found it on level 3 of the Lair of Beasts)
 17234 | Lair:3   | Reached ***** piety under Vehumet
 17239 | Lair:3   | Offered knowledge of Orb of Destruction by Vehumet.
 17526 | Lair:3   | Found a staircase to the Snake Pit.
 19608 | Lair:5   | Found a staircase to the Slime Pits.
 20080 | Lair:5   | Learned a level 7 spell: Orb of Destruction
 20433 | Lair:5   | Reached XP level 13. HP: 86/86 MP: 26/26
 21161 | Lair:5   | Upgraded the game from 0.20-a0-33-g996f6e0 to 0.20-a0-38-g7d30548
 21186 | Lair:6   | Entered Level 6 of the Lair of Beasts
 22242 | Lair:6   | Got a bloodstained halberd
 22243 | Lair:6   | Identified the cursed +0 halberd "Tyrueshra" {chop, rPois Str+2} (You found it on level 6 of the Lair of Beasts)
 22287 | Lair:6   | Offered knowledge of Delayed Fireball by Vehumet.
 22445 | Lair:6   | Reached skill level 10 in Spellcasting
 22448 | Lair:6   | Noticed KristoblXynda's ghost (journeyman MiSk)
 23089 | Orc:1    | Entered Level 1 of the Orcish Mines
 23449 | Orc:2    | Entered Level 2 of the Orcish Mines
 23634 | Orc:2    | Found a staircase to the Elven Halls.
 23734 | Orc:2    | Noticed Snorg
 24060 | Orc:1    | Reached skill level 5 in Dodging
 24061 | Orc:1    | Found a roughly hewn altar of Beogh.
 24263 | Orc:2    | Noticed an ettin
 24294 | Orc:1    | Killed an ettin
 24294 | Orc:1    | Gained mutation: Your tail ends in a poisonous barb. [Green Draconian growth]
 24294 | Orc:1    | Reached XP level 14. HP: 28/93 MP: 28/28
 24623 | Orc:2    | Killed Snorg
 25070 | Orc:2    | Reached skill level 15 in Fire Magic
 25672 | Orc:2    | Found Vuojoydd's General Store.
 25674 | Orc:2    | Found Qieraogg's Gadget Boutique.
 25675 | Orc:2    | Found Kohajaang's Antique Armour Shoppe.
 25685 | Orc:2    | Found Onwy's Antique Armour Shop.
 25693 | Orc:2    | Bought a pair of boots for 139 gold pieces
 25708 | Orc:2    | Bought a +0 shield of protection for 149 gold pieces
 26369 | D:11     | Reached skill level 15 in Conjurations
 26379 | D:11     | Offered knowledge of Iskenderun's Battlesphere by Vehumet.
 27664 | D:13     | Found Ohylud's Assorted Antiques.
 27667 | D:13     | Found a labyrinth entrance.
 27683 | Lab      | Entered a labyrinth
 27808 | Lab      | Identified the Tome of Creative Weightlessness
 28196 | D:13     | Reached skill level 5 in Shields
 28363 | D:13     | Found Yfant's Antique Armour Emporium.
 28459 | D:13     | Found Xaces's Gadget Emporium.
 28911 | D:13     | Found Titzovidgh's Assorted Antiques.
 29375 | D:14     | Offered knowledge of Bolt of Draining by Vehumet.
 29657 | D:14     | Reached XP level 15. HP: 99/99 MP: 25/29
 30363 | D:14     | Found a gate to the Vaults.
 30631 | D:13     | Reached XP level 16. HP: 105/105 MP: 30/30
 30799 | D:8      | Bought a book of the Dragon for 1170 gold pieces
 30806 | D:8      | Learned a level 6 spell: Bolt of Fire
 30814 | D:8      | Learned a level 7 spell: Dragon Form
 31077 | D:14     | Got a pair of translucent gloves
 31088 | D:14     | Identified the +2 pair of gloves of Guv Didezonn {rF+ rC+ MR+} (You found it on level 14 of the Dungeon)
 31259 | D:15     | Entered Level 15 of the Dungeon
 31286 | D:15     | Got a bound glass ring
 31406 | D:14     | Identified the ring of Timureru {rPois Str+4} (You found it on level 15 of the Dungeon)
 31818 | D:15     | Reached skill level 1 in Transmutations
 31901 | D:15     | Found a gateway to a bazaar.
 31962 | Bazaar   | Entered a bazaar
 31976 | Bazaar   | Found Ovetuvefa's Jewellery Shoppe.
 31976 | Bazaar   | Found Xyemabut's Antique Weapon Emporium.
 31997 | Bazaar   | Found Ohuicucs's Antique Armour Shoppe.
 31997 | Bazaar   | Found Orefod's Gadget Emporium.
 32018 | Bazaar   | Found Fekhlycon's Weapon Shoppe.
 32018 | Bazaar   | Found Daness's Antique Weapon Emporium.
 32634 | D:15     | Offered knowledge of Poison Arrow by Vehumet.
 33280 | Lair:6   | Killed KristoblXynda's ghost
 33627 | Lair:6   | Upgraded the game from 0.20-a0-38-g7d30548 to 0.20-a0-40-gb6e7b4f
 33726 | Snake:1  | Entered Level 1 of the Snake Pit
 33827 | Snake:1  | Found Pouhu's Assorted Antiques.
 33832 | Snake:1  | Found Limpewa's Gadget Boutique.
 35205 | Snake:1  | Reached XP level 17. HP: 111/111 MP: 32/32
 35740 | Snake:2  | Found Gopuahi's Gadget Shop.
 35741 | Snake:2  | Found Yruom's Jewellery Shoppe.
 35744 | Snake:2  | Found Eckanotz's Gadget Shop.
 35845 | Snake:1  | Offered knowledge of Iron Shot by Vehumet.
 36136 | Snake:2  | Slain by a shock serpent

Vault maps used:
D:1:      dpeg_arrival_round_b
D:2:      uniq_jessica, uniq_robin
D:3:      chequers_temple_overflow_minitemple, cheibriados_altar_1
D:4:      serial_shops, shop_statue, gup_sewer_entry_glass
D:5:      cheibrodos_helix_gallery, first_bread, uniq_menkaure, uniq_eustachio
D:6:      basic_altar, lemuel_flamethrower_2, uniq_blork_the_orc, uniq_grinder
D:7:      grunt_ogre_cave, uniq_prince_ribbit1
D:8:      serial_shops, shop, shop, kennysheep_generic_room_11, uniq_maurice
D:10:     erik_orc_1, serial_bayou_ford_a
D:11:     david_lair_generic, serial_shops, nicolae_shop_trees
D:12:     small_statue_intersection, serial_bayou_pond_e,
          kb_lookout_dungeons_type
D:13:     lab_entry_generic, serial_shops, shop, nicolae_shop_statue_plus,
          nicolae_shop_crystal, kennysheep_little_box
D:14:     lightli_vaults_fourway_checkpoint
D:15:     gammafunk_enter_depths_forms, solitary_fountain, serial_shops,
          bzr_entry_water, lemuel_statue_altar
Temple:   nicolae_temple_elliptical
Lair:1:   lemuel_fruit_fields, grunt_megastairs_4
Lair:2:   minmay_swamp_entry_wisps
Lair:3:   statuecave_lemuel, guppyfry_snake_entry_garden, st_stairs_6
Lair:4:   grunt_megastairs_5
Lair:5:   minmay_slime_entry_pillars, nicolae_lair_yak_garden,
          infiniplex_staircase_pool
Lair:6:   minmay_lair_end_enchanted_forest
Snake:1:  minmay_shop_star
Snake:2:  spider_trap, basic_loot_grate_trap, grunt_megastairs_3,
          minmay_shop_grove
Orc:1:    basic_altar
Orc:2:    st_orc_open, nicolae_orc_rockfall, uniq_snorg
Lab:      labyrinth_hidden_loot, lab_fountain, nicolae_lab_dead_end, lab_statue,
          nicolae_lab_t_cross, nicolae_lab_diamond
Bazaar:   bazaar_short_row
Sewer:    sewer_minmay_treatment

Skill      XL: |  1  2  3  4  5  6  7  8  9 10 11 12 13 14 15 16 17 |
---------------+----------------------------------------------------+-----
Conjurations   | 2 3 4 5 7 9 10 12 13 14 15 16 17 | 17.1
Fire Magic     | 4 5 6 8 9 11 12 13 14 15 16 17 | 17.4
Spellcasting   | 3 4 5 6 7 8 9 10 11 | 11.5
Shields        | 1 4 5 |  5.8
Dodging        | 2 5 6 7 |  7.8
Transmutations | 3 4 |  4.0
Stealth        | |  1.8

Action                   |  1- 3 |  4- 6 |  7- 9 | 10-12 | 13-15 | 16-18 || total
-------------------------+-------+-------+-------+-------+-------+-------++-------
Melee: Unarmed           |     7 |       |     7 |       |       |       ||    14
       Mace              |    12 |       |       |       |       |       ||    12
       Short sword       |     2 |   139 |    65 |    91 |       |       ||   297
       Tailslap          |       |     9 |     9 |    14 |     4 |     1 ||    37
       Hand axe          |       |       |    57 |    19 |       |       ||    76
       Rapier            |       |       |       |     8 |    31 |    19 ||    58
       Dagger            |       |       |       |       |     3 |       ||     3
       Staff             |       |       |       |       |       |     1 ||     1
Throw: Tomahawk          |       |     3 |       |     1 |       |       ||     4
 Cast: Flame Tongue      |    43 |   145 |   133 |   185 |     8 |       ||   514
       Sticky Flame      |       |     2 |    38 |    81 |    48 |     6 ||   175
       Conjure Flame     |       |     1 |     5 |     1 |     4 |       ||    11
       Inner Flame       |       |       |     2 |     1 |     1 |       ||     4
       Fireball          |       |       |       |   146 |   387 |   195 ||   728
       Orb of Destructio |       |       |       |     1 |     8 |    26 ||    35
       Bolt of Fire      |       |       |       |       |       |     9 ||     9
 Abil: Breathe Noxious F |       |       |     2 |    14 |     5 |     1 ||    22
Evoke: Wand              |       |       |       |     6 |     2 |       ||     8
  Use: Scroll            |       |    12 |     5 |     5 |    11 |     2 ||    35
       Potion            |       |       |       |     1 |     7 |       ||     8
 Stab: Sleeping          |       |     2 |     1 |     1 |       |       ||     4
       Confused          |       |       |       |     8 |       |       ||     8
  Eat: Chunk             |     2 |    13 |    27 |    51 |    74 |    23 ||   190
       Meat ration       |       |       |     1 |     3 |       |     3 ||     7
       Royal jelly       |       |       |       |     1 |     1 |       ||     2
       Pizza             |       |       |       |     1 |       |       ||     1
       Fruit             |       |       |       |     1 |    29 |    18 ||    48
Armor: Skin              |    12 |    72 |    61 |    67 |    47 |    57 ||   316
Dodge: Dodged            |    44 |   139 |   143 |   171 |   101 |    43 ||   641
Block: Buckler           |       |       |       |    10 |    11 |    15 ||    36
       Shield            |       |       |       |       |    34 |    14 ||    48

Vault maps used:
D:1:      dpeg_arrival_round_b
D:2:      uniq_jessica, uniq_robin
D:3:      chequers_temple_overflow_minitemple, cheibriados_altar_1
D:4:      serial_shops, shop_statue, gup_sewer_entry_glass
D:5:      cheibrodos_helix_gallery, first_bread, uniq_menkaure, uniq_eustachio
D:6:      basic_altar, lemuel_flamethrower_2, uniq_blork_the_orc, uniq_grinder
D:7:      grunt_ogre_cave, uniq_prince_ribbit1
D:8:      serial_shops, shop, shop, kennysheep_generic_room_11, uniq_maurice
D:10:     erik_orc_1, serial_bayou_ford_a
D:11:     david_lair_generic, serial_shops, nicolae_shop_trees
D:12:     small_statue_intersection, serial_bayou_pond_e,
          kb_lookout_dungeons_type
D:13:     lab_entry_generic, serial_shops, shop, nicolae_shop_statue_plus,
          nicolae_shop_crystal, kennysheep_little_box
D:14:     lightli_vaults_fourway_checkpoint
D:15:     gammafunk_enter_depths_forms, solitary_fountain, serial_shops,
          bzr_entry_water, lemuel_statue_altar
Temple:   nicolae_temple_elliptical
Lair:1:   lemuel_fruit_fields, grunt_megastairs_4
Lair:2:   minmay_swamp_entry_wisps
Lair:3:   statuecave_lemuel, guppyfry_snake_entry_garden, st_stairs_6
Lair:4:   grunt_megastairs_5
Lair:5:   minmay_slime_entry_pillars, nicolae_lair_yak_garden,
          infiniplex_staircase_pool
Lair:6:   minmay_lair_end_enchanted_forest
Snake:1:  minmay_shop_star
Snake:2:  spider_trap, basic_loot_grate_trap, grunt_megastairs_3,
          minmay_shop_grove
Orc:1:    basic_altar
Orc:2:    st_orc_open, nicolae_orc_rockfall, uniq_snorg
Lab:      labyrinth_hidden_loot, lab_fountain, nicolae_lab_dead_end, lab_statue,
          nicolae_lab_t_cross, nicolae_lab_diamond
Bazaar:   bazaar_short_row
Sewer:    sewer_minmay_treatment
